Map: Ruins of Seras

Players

Smile

  • Race: Terran Terran
  • League: Grandmaster

Boombox - Winner!

  • Race: Protoss Protoss
  • League: Grandmaster

Event: NationWars III

VOD

Have the link to the VOD?

Description

Time

  • Played on: Nov. 22, 2015, 12:27 p.m.
  • Length: 7:20

All games in this series

Show
View Real Time Build Order
Export as new Build Order

Smile Terran 

Build Orders:  

Get SALT Encoding   

  12  0:01  SCV  
  13  0:13  SCV  
  14  0:18  Supply Depot  
  14  0:25  SCV  
  15  0:40  SCV  
  15  0:41  Barracks  
  16  0:47  Refinery  
  16  0:52  SCV  
  17  1:04  SCV  
  18  1:17  SCV  
  19  1:30  Orbital Command  
  19  1:31  Barracks Reactor  
  19  1:49  Command Center  
  19  1:56  SCV  
  20  2:04  Supply Depot  
  23  2:16  Marine x2  
  22  2:26  Barracks  
  22  2:28  SCV  
  23  2:35  Marine  
  23  2:36  Bunker  
  24  2:39  Marine  
  24  2:43  SCV  
  24  2:57  Factory  
  23  3:10  Marine x2  
  23  3:22  Orbital Command, Marine  
  24  3:30  Marine x2  
  26  3:38  Orbital Command  
  26  3:39  Marine  
  27  3:47  Marine  
  27  3:49  Orbital Command  
  27  3:54  Widow Mine  
  29  4:04  Marine x2  
  31  4:15  SCV  
  31  4:17  Marine  
  29  4:21  SCV  
  29  4:24  Hellion  
  31  4:25  Marine  
  31  4:26  Marine  
  33  4:34  Marine  
  33  4:35  SCV  
  33  4:38  SCV  
  36  4:43  Marine x2  
  36  4:45  Hellion  
  40  4:50  SCV  
  40  4:52  Marine  
  42  5:06  Hellion, Marine x2  
  36  5:10  SCV  
  36  5:11  SCV  
  34  5:15  Marine  
  35  5:22  SCV  
  35  5:25  SCV  
  35  5:27  Marine  
  36  5:34  SCV  
  37  5:36  Hellion  
  37  5:38  SCV  
  37  5:39  Marine  
  41  5:47  SCV  
  40  5:54  SCV  
  41  5:59  SCV  
  38  6:06  SCV  
  38  6:08  Marine x3  
  42  6:14  Hellion  
  42  6:22  SCV x2  
  41  6:26  Marine  
  41  6:30  Marine x2  
  42  6:35  Hellion  
  44  6:41  SCV  
  44  6:43  Marine  
  46  6:48  SCV  
  42  6:57  Hellion  
  42  6:58  SCV  
Show
View Real Time Build Order
Export as new Build Order

Boombox Protoss - Winner!

Build Orders: Oracle Opening 

Get SALT Encoding   

  12  0:01  Probe (Chrono Boost)  
  13  0:11  Probe (Chrono Boost)  
  14  0:19  Pylon  
  14  0:23  Probe (Chrono Boost)  
  15  0:37  Gateway, Probe (Chrono Boost)  
  16  0:43  Assimilator  
  16  0:48  Probe (Chrono Boost)  
  17  0:58  Probe (Chrono Boost)  
  18  1:05  Gateway  
  18  1:09  Probe (Chrono Boost)  
  19  1:19  Probe (Chrono Boost)  
  19  1:24  Cybernetics Core  
  20  1:30  Probe (Chrono Boost)  
  21  1:34  Pylon  
  21  1:54  Assimilator  
  22  2:01  Mothership Core (Chrono Boost)  
  23  2:06  Adept  
  23  2:08  Adept  
  27  2:13  Pylon  
  27  2:14  Pylon  
  27  2:16  Pylon  
  27  2:22  Pylon  
  27  2:24  Probe (Chrono Boost)  
  28  2:37  Probe (Chrono Boost)  
  28  2:49  Probe (Chrono Boost)  
  28  2:51  Adept x2  
  33  3:01  Probe (Chrono Boost)  
  34  3:05  Stargate  
  34  3:12  Probe (Chrono Boost)  
  31  3:22  Probe (Chrono Boost)  
  32  3:29  Nexus  
  32  3:38  Warp Gate (Chrono Boost)  
  32  3:40  Probe  
  33  3:52  Probe  
  34  3:57  Oracle  
  37  4:04  Probe  
  38  4:16  Probe  
  37  4:27  Adept x2  
  37  4:28  Probe  
  42  4:36  Oracle  
  45  4:40  Probe x2, Pylon  
  47  4:49  Robotics Facility  
  47  4:51  Probe  
  45  4:53  Probe  
  46  5:01  Probe  
  46  5:05  Probe  
  47  5:12  Probe  
  48  5:17  Probe  
  47  5:22  Probe  
  48  5:29  Probe  
  48  5:33  Probe  
  48  5:35  Adept x2  
  48  5:41  Probe  
  53  5:44  Probe  
  54  5:53  Probe  
  54  5:54  Probe  
  46  6:05  Probe x2  
  48  6:17  Probe x2, Adept x2  
  53  6:28  Probe  
  53  6:29  Probe  
  52  6:35  Immortal, Pylon  
  52  6:38  Probe  
  52  6:39  Assimilator  
  56  6:41  Probe  
  56  6:44  Adept, Assimilator  
  60  6:49  Probe, Adept  
  60  6:53  Probe  
  64  6:59  Probe  
  65  7:06  Probe  
  66  7:14  Adept x2  
Tags
 
Add a new tag
Caveats
  • Supply blocks, unpowered buildings, or Contaminate may cause inaccurate times.
  • Supply counts are checked every 10 seconds.